 Dungeon Crawl Stone Soup version 0.24-a0-203-gf0bc1e9 (webtiles) character file.

Game seed: 15460456810605181810

466 Ijustatesigmund the Chopper (level 7, 0/48 HPs)
             Began as an Octopode Fighter on Mar 26, 2019.
             Slain by a sky beast (3 damage)
             ... on level 5 of the Dungeon.
             The game lasted 00:07:19 (3481 turns).

Ijustatesigmund the Chopper (Octopode Fighter)      Turns: 3481, Time: 00:07:19

Health: 0/48       AC:  1    Str: 13    XL:     7   Next: 8%
Magic:  7/7        EV: 12    Int: 11    God:
Gold:   282        SH: 11    Dex: 10    Spells: 6/6 levels left

rFire    . . .     SeeInvis .   a - +0 war axe
rCold    + . .     Gourm    .   b - +3 shield
rNeg     . . .     Faith    .   (helmet restricted)
rPois    .         Spirit   .   (no amulet)
rElec    .         Reflect  .   g - -3 ring of dexterity
rCorr    .         Harm     .   k - ring of protection from cold
MR       .....                  (no ring)
Stlth    +++.......             (no ring)
HPRegen  0.16/turn              (no ring)
MPRegen  0.10/turn              (no ring)
                                (no ring)
                                (no ring)

@: no status effects
A: almost no armour, stealthy swim, amphibious, 8 rings, constrict 8, tentacle
spike 2, camouflage 1, weak 1, gelatinous body 1
a: no special abilities


You were on level 5 of the Dungeon.
You were not hungry.

You visited 1 branch of the dungeon, and saw 5 of its levels.

You collected 282 gold pieces.

Inventory:

Hand Weapons
 a - a +0 war axe (weapon)
Missiles
 m - 4 tomahawks of returning (quivered)
Armour
 b - a +3 shield (worn)
Jewellery
 g - a -3 ring of dexterity (left tentacle)
 k - a ring of protection from cold (right tentacle)
Wands
 l - a wand of paralysis (12)
 n - a wand of flame (22)
Scrolls
 e - a scroll of amnesia
 j - a scroll of teleportation
 p - a scroll of identify
Potions
 c - a potion of might
 f - 3 potions of flight
 h - a potion of curing
 i - 2 potions of brilliance
Comestibles
 d - 10 rations
 o - 3 chunks of flesh


   Skills:
 + Level 4.3 Fighting
 + Level 4.5 Axes
 - Level 4.0 Dodging
 + Level 4.1 Stealth
 - Level 4.0 Shields


You had 6 spell levels left.
You didn't know any spells.
Your spell library was empty.

Dungeon Overview and Level Annotations

Branches:
Dungeon (5/15)
 Temple: D:4-7

Altars:
Gozag
Okawaru
Ru
Xom
Zin


Innate Abilities, Weirdness & Mutations

You cannot wear most types of armour.
You are very stealthy in the water. (Stealth+)
You are amphibious.
You can wear up to eight rings at the same time.
You can use your tentacles to constrict eight enemies at once.
Your skin changes colour to match your surroundings (Stealth+).
Your rubbery body absorbs attacks. (AC +1, EV +1)
One of your tentacles bears a nasty spike.
You are weak. (Str -2)


Message History

You miss something.
You pierce something.
You block something's attack.
You hit something but do no damage.
Your tentacle spike misses something.
Your squeeze misses something. Something barely misses you. x2
You closely miss something.
Your tentacle spike misses something.
Something hits you. Something shocks you.
You miss something.
Your tentacle spike misses something.
Something hits you. Something shocks you.
You closely miss something.
You pierce something.
Something hits you. Something shocks you. Something hits you.
* * * LOW HITPOINT WARNING * * *
Something shocks you.
* * * LOW HITPOINT WARNING * * *
You closely miss something.
Your tentacle spike misses something.
Your squeeze misses something. Something hits you.
* * * LOW HITPOINT WARNING * * *
Something shocks you.
* * * LOW HITPOINT WARNING * * *
You miss something.
You pierce something.
You squeeze something. Something hits you.
You die...

# .#
#####+###.#
#.........#
+...?.....+
#..{@.....#
#.######'###.#
#.# #.# #.#
#.# #.#
###'### #.#
#.....# #.#
#.....# #.#
#.....#
##.####.....#


There were no monsters in sight!

Vanquished Creatures
  Purgy (D:4)
  A howler monkey (D:4)
  A bullfrog zombie (D:3)
  3 orc wizards (D:4)
  A worker ant (D:4)
  7 adders
  A gnoll (D:1)
  2 oozes
  3 worms
  3 dart slugs
  7 leopard geckos
  7 orcs
  2 giant cockroaches (D:1)
  13 hobgoblins
  12 jackals
  2 quokkas (D:4)
  11 bats
  3 frilled lizards
  5 goblins
  5 kobolds
  A leopard gecko skeleton (D:3)
  3 rats
94 creatures vanquished.

Notes
Turn   | Place    | Note
-------+----------+-------------------------------------------
     0 | D:1      | Ijustatesigmund the Octopode Fighter began the quest for
                  | the Orb.
     0 | D:1      | Reached XP level 1. HP: 16/16 MP: 1/1
    68 | D:1      | Reached XP level 2. HP: 8/21 MP: 2/2
   359 | D:1      | Gained mutation: One of your tentacles bears a spike.
                  | [potion of mutation]
   359 | D:1      | Gained mutation: You are weak. (Str -2) [potion of
                  | mutation]
   359 | D:1      | Gained mutation: One of your tentacles bears a nasty spike.
                  | [potion of mutation]
   479 | D:1      | Reached XP level 3. HP: 24/26 MP: 3/3
   732 | D:2      | Reached XP level 4. HP: 18/31 MP: 4/4
  1397 | D:2      | Found a glowing silver altar of Zin.
  1398 | D:2      | Found an opulent altar of Gozag.
  1402 | D:2      | Reached XP level 5. HP: 31/36 MP: 5/5
  2336 | D:3      | Found an iron altar of Okawaru.
  2456 | D:4      | Reached XP level 6. HP: 43/43 MP: 6/6
  2576 | D:4      | Noticed Purgy
  2584 | D:4      | Killed Purgy
  2589 | D:4      | Found a sacrificial altar of Ru.
  2976 | D:4      | Found a shimmering altar of Xom.
  3053 | D:4      | Reached XP level 7. HP: 30/48 MP: 7/7
  3455 | D:5      | Entered Level 5 of the Dungeon
  3480 | D:5      | HP: 2/48 [something (5)]
  3481 | D:5      | Slain by a sky beast

Levels and vault maps discovered:
D:1:      lightli_arrival_lavapool, layout_basic, minivault_24
D:2:      layout_basic, grunt_temple_overflow_gold_and_silver, first_ration
D:3:      wander_river, layout_basic, marbit_many_paths
D:4:      layout_basic, minitemple, uniq_purgy
D:5:      layout_basic, minmay_temple_entry_large_hall,
          hellmonk_ghost_happy_afterlife, kennysheep_generic_room_10,
          uniq_blork_the_orc, uniq_crazy_yiuf_cottage

Skill      XL: |  1  2  3  4  5  6  7 |
---------------+----------------------+-----
Axes           | 3 4 |  4.5
Fighting       | 4 |  4.3
Dodging        | 4 |  4.0
Shields        | 4 |  4.0
Stealth        | 3 4 |  4.1

Action                   |  1- 3 |  4- 6 |  7- 9 || total
-------------------------+-------+-------+-------++-------
Melee: War axe           |    53 |   123 |    20 ||   196
       Constrict         |    16 |    30 |     5 ||    51
       Tentacles         |     8 |    15 |     3 ||    26
       Kick              |     9 |    28 |     6 ||    43
  Use: Scroll            |     6 |     6 |     1 ||    13
       Potion            |     1 |     2 |     4 ||     7
 Stab: Sleeping          |       |     4 |     1 ||     5
  Eat: Chunk             |       |     7 |     1 ||     8
Armor: Skin              |     2 |     2 |       ||     4
Dodge: Dodged            |    26 |    48 |     6 ||    80
Block: Shield            |    26 |    75 |    13 ||   114

Table legend:
 A = Non-vault XP
 B = Vault XP
 C = Vault XP percentage of total XP
 D = Non-vault monster count
 E = Vault monster count
 F = Vault count percentage of total count
                 A         B        C        D         E       F
            +---------+---------+-------+---------+---------+-------
      Total |     526 |     140 |  21.0 |      92 |       2 |   2.1
            +---------+---------+-------+---------+---------+-------
        D:1 |      63 |       0 |   0.0 |      27 |       0 |   0.0
        D:2 |     128 |       0 |   0.0 |      25 |       0 |   0.0
        D:3 |      94 |       2 |   2.1 |      19 |       1 |   5.0
        D:4 |     241 |     138 |  36.4 |      21 |       1 |   4.5
            +---------+---------+-------+---------+---------+-------
